 Dungeon Crawl Stone Soup version 0.20.1-1-g8b1a95d (webtiles) character file.

19 jmlagarto the Sneak (level 2, -2/15 HPs)
             Began as a Spriggan Assassin on Sept 8, 2017.
             Slain by a worm (8 damage)
             ... on level 2 of the Dungeon.
             The game lasted 00:02:08 (1034 turns).

jmlagarto the Sneak (Spriggan Assassin)             Turns: 1034, Time: 00:02:09

Health: -2/15      AC:  3    Str:  7    XL:     2   Next: 55%
Magic:  3/3        EV: 17    Int: 12    God:
Gold:   88         SH:  0    Dex: 17    Spells: 1/1 levels left

rFire    . . .     SeeInvis +   a - +2 dagger
rCold    . . .     Gourm    .   (shield restricted)
rNeg     . . .     Faith    .   c - +0 robe
rPois    .         Spirit   .   (helmet restricted)
rElec    .         Reflect  .   d - +0 cloak
rCorr    .         Harm     .   (gloves unavailable)
MR       .....                  (boots unavailable)
Stlth    ++++......             (no amulet)
Regen    0.1/turn               (no ring)
MPRegen  0.1/turn               (no ring)

@: very quick
A: unfitting armour, see invisible, herbivore 3, speed 3, slow metabolism 2
a: no special abilities


You were on level 2 of the Dungeon.
You were not hungry.

You visited 1 branch of the dungeon, and saw 2 of its levels.

You collected 88 gold pieces.

Inventory:

Hand Weapons
 a - a +2 dagger (weapon)
 b - a +0 blowgun
Missiles
 e - 8 poisoned needles
 f - 2 curare-tipped needles
Armour
 c - a +0 robe (worn)
 d - a +0 cloak (worn)
Scrolls
 i - 2 scrolls of teleportation {unknown}
 l - a scroll of enchant weapon {unknown}
 m - a scroll of enchant armour {unknown}
 n - a scroll of fog {unknown}
 o - a scroll of immolation {unknown}
Potions
 j - a potion of agility {unknown}
 k - a potion of curing {unknown}
Comestibles
 g - 3 bread rations
 h - a royal jelly


   Skills:
 + Level 1.7 Fighting
 + Level 2.3 Short Blades
 + Level 2.0 Throwing
 + Level 1.5 Dodging
 * Level 6.7 Stealth


You had one spell level left.
You didn't know any spells.

Dungeon Overview and Level Annotations

Branches:
Dungeon (2/15)

Altars:
Xom


Innate Abilities, Weirdness & Mutations

You are very small and have problems with some larger weapons.
You are too small for most types of armour.
You have supernaturally acute eyesight. (SInv)
You are a herbivore.
You cover ground extremely quickly.
You need consume almost no food.


Message History

Found a mace.
You hit the worm.
The worm is lightly wounded.
Okay, then.
You hit the worm.
The worm is heavily wounded.
The worm bites you!
Ouch! That really hurt!
You are too injured to fight recklessly!
You are too injured to fight recklessly!
You are too injured to fight recklessly!
You are too injured to fight recklessly!
You are too injured to fight recklessly!
You hit the worm but do no damage.
The worm is moderately wounded.
You hit the worm.
The worm is heavily wounded.
The worm bites you!
Ouch! That really hurt!
You die...

###.# ≈≈≈≈≈ #.#
≈≈≈≈.≈≈≈.≈≈≈≈ .## #.#
≈≈≈#≈≈≈#≈≈≈# ≈.##
#.####.###.###.###≈≈≈#
#...#...#...#...#..S≈#
#...................)#
#....................#
#....................+
#.............@w.....#
#...#...#...#^..#....#
#.####.###.###.## .≈##
#. #≈≈≈#≈≈≈#≈≈≈# ≈# #.
..≈≈≈.≈≈≈.≈≈≈≈≈ #
#≈≈≈≈≈≈≈≈≈≈≈.≈#.#
#≈≈≈≈≈≈≈≈≈≈.#..##
##........P##.##
.#...#...#


You could see a worm and an adder (sleeping).

Vanquished Creatures
  A dart slug (D:1)
  A leopard gecko (D:1)
  2 bats (D:1)
  A giant cockroach (D:1)
  2 goblins (D:1)
  2 hobgoblins (D:1)
  3 kobolds (D:1)
  2 frilled lizards (D:1)
14 creatures vanquished.

Notes
Turn   | Place    | Note
-------+----------+-------------------------------------------
     0 | D:1      | jmlagarto the Spriggan Assassin began the quest for the Orb.
     0 | D:1      | Reached XP level 1. HP: 10/10 MP: 2/2
    30 | D:1      | Reached skill level 6 in Stealth
   419 | D:1      | Reached XP level 2. HP: 15/15 MP: 3/3
   561 | D:1      | Found a shimmering altar of Xom.
   610 | D:1      | Found an opulent altar of Gozag.
   610 | D:1      | Found a sacrificial altar of Ru.
   612 | D:1      | Found a shadowy altar of Dithmenos.
   612 | D:1      | Found a shimmering altar of Xom.
   612 | D:1      | Found a glowing golden altar of the Shining One.
  1034 | D:2      | Slain by a worm

Skill      XL: |  1 |
---------------+----+-----
Stealth        | 6 |  6.7
Fighting       | |  1.7
Short Blades   | |  2.3
Throwing       | |  2.0
Dodging        | |  1.5

Action                   || total
-------------------------++-------
Melee: Dagger            ||    60
 Stab: Sleeping          ||     4
Armor: Robe              ||     7
Dodge: Dodged            ||    34
